 Dungeon Crawl Stone Soup version 0.23.1 (webtiles) character file.

Game seed: 547634253490111655

609 Borgoz the Sneak (level 7, 0/55 HPs)
             Began as a Ghoul Enchanter on Mar 9, 2019.
             Was an Initiate of Ashenzari.
             Slain by a sky beast (2 damage)
             ... on level 4 of the Dungeon.
             The game lasted 00:09:26 (4294 turns).

Borgoz the Sneak (Ghoul Enchanter)                  Turns: 4294, Time: 00:09:27

Health: 0/55       AC:  4    Str: 18    XL:     7   Next: 43%
Magic:  4/9        EV: 13    Int: 10    God:    Ashenzari [......]
Gold:   161        SH:  0    Dex: 11    Spells: 4/10 levels left

rFire    . . .     SeeInvis .   p - +0 dagger (elec)
rCold    + . .     Gourm    .   (no shield)
rNeg     + + +     Faith    .   b - +0 robe
rPois    ∞         Spirit   .   (no helmet)
rElec    .         Reflect  .   a - scarf {repulsion}
rCorr    .         Harm     .   (no gloves)
MR       .....                  i - +1 pair of boots {Stlth+}
Stlth    ++++......             (no amulet)
HPRegen  0.00/turn              e - +6 ring of strength
MPRegen  0.11/turn              (no ring)

@: rotting, invisible, repel missiles
A: rotting body, claws 1, carnivore, cold resistance 1, negative energy
resistance 3, inhibited regeneration, torment resistance, unbreathing
a: Curse Item, Renounce Religion


You were on level 4 of the Dungeon.
You worshipped Ashenzari.
Ashenzari was noncommittal.
You were not hungry.

You visited 2 branches of the dungeon, and saw 6 of its levels.

You collected 161 gold pieces.

Inventory:

Hand Weapons
 p - a +0 dagger of electrocution (weapon)
Missiles
 m - 17 poisoned needles
Armour
 a - a scarf of repulsion (worn)
 b - a +0 robe (worn)
 i - a +1 pair of boots of stealth (worn)
Jewellery
 e - a +6 ring of strength (left claw)
 t - an uncursed ring of magical power
Scrolls
 f - a scroll of remove curse
 g - a scroll of identify {unknown}
 j - 2 scrolls of immolation {unknown}
 l - a scroll of magic mapping {unknown}
 q - a scroll of random uselessness {unknown}
 s - a scroll of blinking {unknown}
Potions
 h - 2 potions of flight
 k - 2 potions of curing
 n - 2 potions of lignification
Comestibles
 d - 12 rations


   Skills:
 + Level 2.0 Fighting
 * Level 4.6 Short Blades
 + Level 3.0 Dodging
 + Level 5.8 Stealth
 - Level 2.0 Spellcasting
 - Level 2.7 Hexes
 - Level 1.0 Ice Magic


You had 4 spell levels left.
You knew the following spells:

 Your Spells              Type           Power        Failure   Level  Hunger
a - Corona                Hex            #......      11%         1    ##.....
b - Ensorcelled Hibernat  Hex/Ice        #.....       22%         2    ###....
c - Confuse               Hex            #.......     30%         3    ####...

Your spell library contained the following spells:

 Spells                   Type           Power        Failure   Level  Hunger
 Tukima's Dance           Hex            #.......     30%         3    ####...
 Dazzling Spray           Conj/Hex       #.....       47%         3    ####...


Dungeon Overview and Level Annotations

Branches:
Dungeon (5/15)             Temple (1/1) D:4

Altars:
Ashenzari
Cheibriados
Dithmenos
Elyvilon
Fedhas
Gozag
Hepliaklqana
Kikubaaqudgha
Makhleb
Nemelex Xobeh
Okawaru
Qazlal
Ru
Sif Muna
Trog
Uskayaw
Vehumet
Xom
Yredelemnul
Zin
The Shining One


Innate Abilities, Weirdness & Mutations

Your body is rotting away.
You thrive on raw meat.
You are immune to poison.
You have sharp fingernails.
You are carnivorous and can eat meat at any time.
Your flesh is cold resistant. (rC+)
You are immune to negative energy. (rN+++)
You do not regenerate when monsters are visible.
You are immune to unholy pain and torment.
You can survive without breathing.


Message History

Deactivating autopickup; reactivate with Ctrl-A.
Something hits you.
* * * LOW HITPOINT WARNING * * *
Something shocks you.
* * * LOW HITPOINT WARNING * * *
Your magical contamination has completely faded away.
Eat a chunk of flesh? (ye/n/q)
You eat the chunk of flesh.
This raw flesh tastes great!
Something hits you.
* * * LOW HITPOINT WARNING * * *
Something shocks you.
* * * LOW HITPOINT WARNING * * *
Okay, then.
You feel better. Something hits you.
* * * LOW HITPOINT WARNING * * *
Something shocks you.
* * * LOW HITPOINT WARNING * * *
It was a potion of invisibility.
You fade into invisibility!
Something hits you.
You die...

......[....# #..........#.8.8.8..
...........# ##........##..⌠.⌠...
...........# ##......###.8.>.8..
...........####............⌠.⌠...
....)...........##..#####.8.8.8..
...........#####.................
...........### #.#..#.#####.....#
.............# #.#..#.### #...#.#
.............# #@##.....###.....#
.............# #{#.......##...###
.............# #.#....>..##...#
......###...>###.#.......##.#.##
.....## #.#..##...........#.#..##
....#####...................#...#
...####...............###.###.#.#
......#.####...........##..##...#
.####....# #...............^....#


There were no monsters in sight!

Vanquished Creatures
  2 ogres
  A scorpion (D:4)
  A centaur skeleton (D:5)
  A hound (D:4)
  2 orc priests (D:4)
  3 orc wizards
  An iguana (D:4)
  5 adders
  A shadow imp (D:5)
  3 oozes (D:1)
  A worm (D:4)
  3 dart slugs
  6 leopard geckos
  11 orcs
  6 giant cockroaches
  6 goblins
  6 hobgoblins
  7 jackals
  A quokka (D:2)
  2 ball pythons
  6 bats
  5 frilled lizards
  5 kobolds
  9 rats
94 creatures vanquished.

Vanquished Creatures (others)
  An orc wizard (D:3)
1 creature vanquished.

Grand Total: 95 creatures vanquished

Notes
Turn   | Place    | Note
-------+----------+-------------------------------------------
     0 | D:1      | Borgoz the Ghoul Enchanter began the quest for the Orb.
     0 | D:1      | Reached XP level 1. HP: 14/14 MP: 2/2
    63 | D:1      | Reached XP level 2. HP: 6/20 MP: 3/3
   908 | D:1      | Reached XP level 3. HP: 19/26 MP: 5/5
  1010 | D:1      | Reached skill level 1 in Short Blades
  1010 | D:1      | Reached skill level 4 in Stealth
  1262 | D:2      | Learned a level 2 spell: Ensorcelled Hibernation
  1266 | D:2      | Learned a level 3 spell: Confuse
  1558 | D:2      | Reached XP level 4. HP: 28/34 MP: 6/6
  2188 | D:3      | Reached XP level 5. HP: 26/39 MP: 7/7
  2244 | D:3      | Reached skill level 1 in Fighting
  2627 | D:3      | Found a faded altar of an unknown god.
  2913 | D:4      | Found a sparkling altar of Nemelex Xobeh.
  2927 | D:4      | Reached XP level 6. HP: 39/47 MP: 5/8
  3308 | D:3      | Reached skill level 5 in Stealth
  3613 | D:4      | Found a staircase to the Ecumenical Temple.
  3663 | Temple   | Entered the Ecumenical Temple
  3747 | D:4      | Found a stormy altar of Qazlal.
  3749 | D:4      | Found an iron altar of Okawaru.
  3809 | D:4      | Found a basalt altar of Yredelemnul.
  3817 | D:4      | Reached skill level 1 in Ice Magic
  3833 | D:4      | Reached XP level 7. HP: 52/53 MP: 9/9
  3883 | D:4      | Found a blossoming altar of Fedhas.
  4022 | D:5      | Entered Level 5 of the Dungeon
  4089 | D:4      | Found a shattered altar of Ashenzari.
  4089 | D:4      | Found a radiant altar of Vehumet.
  4098 | D:4      | Became a worshipper of Ashenzari the Shackled
  4293 | D:4      | HP: 2/55 [something (6)]
  4294 | D:4      | Slain by a sky beast

Skill      XL: |  1  2  3  4  5  6  7 |
---------------+----------------------+-----
Spellcasting   | 2 |  2.0
Dodging        | 2 3 |  3.0
Short Blades   | 1 2 3 4 |  4.6
Stealth        | 4 5 |  5.8
Fighting       | 1 2 |  2.0
Ice Magic      | 1 |  1.0
Hexes          | |  2.7

Action                   |  1- 3 |  4- 6 |  7- 9 || total
-------------------------+-------+-------+-------++-------
Melee: Dagger            |   145 |   180 |    19 ||   344
 Cast: Corona            |     1 |       |       ||     1
       Ensorcelled Hiber |     1 |     9 |     8 ||    18
  Use: Potion            |     4 |     5 |     3 ||    12
       Scroll            |       |     2 |       ||     2
 Stab: Sleeping          |     5 |    18 |     3 ||    26
  Eat: Chunk             |     3 |    15 |     2 ||    20
Armor: Robe              |    33 |    38 |     2 ||    73
Dodge: Dodged            |   109 |   110 |    17 ||   236
       Deflected         |       |     2 |     2 ||     4
